 Dungeon Crawl Stone Soup version 0.21-a0-531-gacddea6 (webtiles) character file.

84 Gerstahl the Slasher (level 4, -1/37 HPs)
             Began as a Merfolk Gladiator on Dec 13, 2017.
             Killed from afar by Ijyb (8 damage)
             ... with a wand of flame (11)
             ... on level 3 of the Dungeon.
             The game lasted 00:01:59 (1799 turns).

Gerstahl the Slasher (Merfolk Gladiator)            Turns: 1799, Time: 00:01:59

Health: -1/37      AC:  4    Str: 14    XL:     4   Next: 45%
Magic:  4/4        EV: 14    Int:  7    God:
Gold:   168        SH:  0    Dex: 16    Spells: 3/3 levels left

rFire    . . .     SeeInvis .   a - +0 long sword
rCold    . . .     Gourm    .   (no shield)
rNeg     . . .     Faith    .   b - +0 leather armour
rPois    .         Spirit   .   c - +0 helmet
rElec    .         Reflect  .   (no cloak)
rCorr    .         Harm     .   (no gloves)
MR       .....                  (no boots)
Stlth    +.........             (no amulet)
HPRegen  0.12/turn              (no ring)
MPRegen  0.09/turn              (no ring)

@: no status effects
A: change form in water, swift swim, stealthy swim
a: no special abilities


You were on level 3 of the Dungeon.
You were very hungry.

You visited 1 branch of the dungeon, and saw 3 of its levels.

You collected 168 gold pieces.

Inventory:

Hand Weapons
 a - a +0 long sword (weapon)
Armour
 b - a +0 leather armour (worn)
 c - a +0 helmet (worn)
Scrolls
 g - a scroll of enchant armour {unknown}
 h - 3 scrolls of teleportation {unknown}
 j - 2 scrolls of remove curse {unknown}
 k - 2 scrolls of identify {unknown}
 p - a scroll of amnesia {unknown}
Potions
 e - a potion of degeneration {unknown}
 l - a potion of curing {unknown}
 n - a potion of mutation {unknown}
 o - a potion of flight {unknown}
 q - a potion of agility {unknown}
 r - a potion of resistance {unknown}
Comestibles
 f - 2 bread rations
 i - a meat ration
 m - a royal jelly


   Skills:
 + Level 3.8 Fighting
 + Level 4.6 Long Blades
 - Level 2.0 Throwing
 - Level 4.0 Dodging


You had 3 spell levels left.
You didn't know any spells.

Dungeon Overview and Level Annotations

Branches:
Dungeon (3/15)

Altars:
Hepliaklqana

Annotations:
D:3 Ijyb


Message History

Ijyb struggles against the net.
You hit Ijyb but do no damage.
Ijyb is severely wounded.
Ijyb zaps a wand.
The puff of flame hits you!
* * * LOW HITPOINT WARNING * * *
Ijyb struggles against the net.
You strike the helpless Ijyb from behind!
You hit Ijyb but do no damage.
Ijyb is severely wounded.
You hit Ijyb but do no damage.
Ijyb is severely wounded.
Ijyb struggles against the net. x2
You barely miss Ijyb.
Ijyb is severely wounded.
Ijyb struggles against the net.
You catch the helpless Ijyb completely off-guard!
You hit Ijyb.
Ijyb is almost dead.
Ijyb zaps a wand.
The puff of flame hits you!
You die...

...#..#...#.#......#...P.
.⌠.#..#.⌠.#.#......##P..#
...#≈≈#...#.##.....# ###
###≈≈≈≈###≈.####.#.#
≈≈≈≈≈≈≈≈≈≈..## ########
≈≈≈≈≈≈≈≈≈≈....# .....##
###≈≈≈≈###≈.### ...P..#
...#≈≈#...#...##########
.⌠.#..#.⌠.#.#...@g.....(
...#..#...#.###..##.###.
###....###..# #..#
............# #..>.
####.######## #.####
..>..# #.# ####.# ..# #..
### ####


You could see Ijyb (caught).

Vanquished Creatures
  2 adders (D:2)
  An ooze (D:1)
  A dart slug (D:1)
  A leopard gecko (D:1)
  An orc (D:3)
  6 bats
  3 giant cockroaches
  8 goblins
  7 hobgoblins
  2 jackals (D:2)
  3 quokkas (D:2)
  5 ball pythons
  7 frilled lizards
  2 kobolds (D:1)
  7 rats
56 creatures vanquished.

Notes
Turn   | Place    | Note
-------+----------+-------------------------------------------
     0 | D:1      | Gerstahl the Merfolk Gladiator began the quest for the Orb.
     0 | D:1      | Reached XP level 1. HP: 16/16 MP: 1/1
    41 | D:1      | Reached XP level 2. HP: 15/23 MP: 2/2
   368 | D:1      | Reached XP level 3. HP: 20/29 MP: 3/3
  1121 | D:2      | Reached XP level 4. HP: 22/37 MP: 4/4
  1341 | D:2      | Found a hazy altar of Hepliaklqana.
  1769 | D:3      | Noticed Ijyb
  1799 | D:3      | Killed from afar by Ijyb

Vault maps used:
D:1:      lemuel_arrival_hallway
D:2:      lemuel_doored_altar, item_on_display_a
D:3:      serial_aquarium, aquarium_bridge_island_small, aquarium_window_fake,
          aquarium_window_2, aquarium_window_2, aquarium_window_2,
          aquarium_view_2e, aquarium_pool_corner, fountainhead,
          small_statue_intersection, hex_tiny, uniq_ijyb

Skill      XL: |  1  2  3 |
---------------+----------+-----
Fighting       | 3 |  3.8
Long Blades    | 4 |  4.6
Throwing       | |  2.0
Dodging        | |  4.0

Action                   |  1- 3 |  4- 6 || total
-------------------------+-------+-------++-------
Melee: Long sword        |   106 |    41 ||   147
Throw: Throwing net      |       |     3 ||     3
 Stab: Sleeping          |     2 |     3 ||     5
       Held in net/web   |       |     4 ||     4
  Eat: Chunk             |       |     2 ||     2
Armor: Leather armour    |    38 |     6 ||    44
Dodge: Dodged            |   112 |    14 ||   126
       Rpst.: Long sword |    38 |     6 ||    44

Table legend:
 A = Spawn XP
 B = Non-spawn XP
 C = Spawn XP percentage of total XP
 D = Spawn monster count
 E = Non-spawn monster count
 F = Spawn count percentage of total count
 G = Total turns spent on level
                    A         B        C        D         E        F      G
               +---------+---------+-------+---------+---------+-------+---------
         Total |       0 |     120 |   0.0 |       0 |      56 |   0.0 |  1799
               +---------+---------+-------+---------+---------+-------+---------
           D:1 |       0 |      49 |   0.0 |       0 |      29 |   0.0 |   848
           D:2 |       0 |      64 |   0.0 |       0 |      24 |   0.0 |   750
           D:3 |       0 |       7 |   0.0 |       0 |       3 |   0.0 |   201
               +---------+---------+-------+---------+---------+-------+---------
